 Dungeon Crawl Stone Soup version 0.31-a0-925-g0a390f2509 (webtiles) character file.

Game seed: 7692669094130172275

46 omnomnOMINOUS the Charlatan (level 3, -1/24 HPs)
             Began as an Octopode Wanderer on Oct 18, 2023.
             Slain by an orc wizard
             ... wielding a +0 dagger of speed
              (3 damage)
             ... on level 2 of the Dungeon.
             The game lasted 00:02:53 (1078 turns).

omnomnOMINOUS the Charlatan (Octopode Wanderer)     Turns: 1078, Time: 00:02:55

Health: -1/24      AC:  1    Str: 11    XL:     3   Next: 66%
Magic:  5/5        EV: 13    Int: 14    God:
Gold:   82         SH:  0    Dex: 13    Spells: 1/5 levels left

rFire   . . .        a - +2 dagger (protect)
rCold   . . .        (no shield)
rNeg    . . .        (helmet restricted)
rPois   .            g - amulet of magic regeneration
rElec   .            (no ring)
rCorr   .            (no ring)
SInv    .            (no ring)
Will    .....        (no ring)
Stlth   ++           (no ring)
HPRegen 0.24/turn    (no ring)
MPRegen 0.49/turn    (no ring)
                     (no ring)

%: no passive effects
@: confused, lethally poisoned (-1 -> -6)
A: almost no armour, amphibious, 8 rings, camouflage 1, gelatinous body 1,
(nimble swimmer 1), tentacles
a: no special abilities


You were on level 2 of the Dungeon.
You visited 1 branch of the dungeon, and saw 2 of its levels.

You collected 82 gold pieces.

Inventory:

Hand Weapons
 a - a +2 dagger of protection (weapon)
Jewellery
 g - an amulet of magic regeneration (around mantle)
Wands
 c - a wand of polymorph (4)
Scrolls
 b - 2 scrolls of fear
 h - a scroll of revelation {unknown}
 i - a scroll of amnesia {unknown}
 k - a scroll of immolation {unknown}
 m - a scroll of identify {unknown}
Potions
 d - a potion of curing
 e - a potion of brilliance
 f - a potion of mutation {unknown}
 j - a potion of attraction {unknown}
 l - a potion of degeneration {unknown}


   Skills:
 + Level 1.8 Fighting
 + Level 1.8 Dodging
 - Level 3.0 Unarmed Combat
 + Level 1.6 Spellcasting
 + Level 1.2 Conjurations
 - Level 1.0 Necromancy
 + Level 0.4 Air Magic
 - Level 3.2 Evocations


You had one spell level left.
You knew the following spells:

 Your Spells              Type           Power      Damage    Failure   Level
a - Kiss of Death         Conj/Necr      16%        2d6       16%         1
b - Mephitic Cloud        Conj/Pois/Air  2%         N/A       52%         3

Your spell library contained the following spells:

 Spells                   Type           Power      Damage    Failure   Level
 Poisonous Vapours        Pois/Air       2%         N/A       34%         2
 Vampiric Draining        Necr           4%         2d6       43%         3
 Freezing Cloud           Conj/Ice/Air   1%         6-21      99%         5


Dungeon Overview and Level Annotations

Branches:
Dungeon (2/15)

Altars:

Shops:
D:1 (


Innate Abilities, Weirdness & Mutations

You cannot wear most types of armour.
You are amphibious.
You can wear up to eight rings at the same time.
Your skin changes colour to match your surroundings (Stealth+).
Your rubbery body absorbs attacks. (AC +1, EV +1)
((You are camouflaged when in or above water. (Stealth+)))
You have tentacles for arms and can constrict up to eight enemies at once.


Message History

The orc wizard shouts!
You hit the orc wizard but do no damage.
You grab the orc wizard. You squeeze the orc wizard.
The orc wizard is lightly wounded.
You constrict the orc wizard, but do no damage.
The orc wizard mumbles some strange words.
The orc wizard flickers and vanishes!
Deactivating autopickup; reactivate with Ctrl-A.
The orc wizard points at you and mumbles some strange words.
The magic dart hits you.
You hit the orc wizard.
The orc wizard is moderately wounded.
You constrict the orc wizard.
The orc wizard gestures at you while chanting.
The magic dart hits you but does no damage.
You hit the orc wizard but do no damage.
The orc wizard is moderately wounded.
You constrict the orc wizard.
The orc wizard hits you but does no damage.
You hit the orc wizard. You squeeze the orc wizard.
The orc wizard is almost dead.
You constrict the orc wizard, but do no damage.
The orc wizard points at you and mumbles some strange words.
You are confused.
You release your grip on the orc wizard.
The orc wizard mumbles some strange words.
The orc wizard flickers and vanishes!
You hear some strange, mumbled words.
A magic dart appears from out of thin air!
The magic dart hits you. Something hits you.
You are poisoned.
Something hits you.
You bump into the rock wall.
You feel sick.
You hear some strange, mumbled words.
A magic dart appears from out of thin air!
The magic dart hits you!
* * * LOW HITPOINT WARNING * * *
Something hits you.
You die...

#o#o#.# #.#... #.#..
#.#.# ##+## #.#.#####.#
##...## #.........#
##.....## ###o######
##.......## ##{##
##.........####{@.######
.'.........+.........>..
##.........#.........###
##.......##.###.###.#
##.....###.# #.# .#
####...####.# ..# #
#........##.# .##
#.###.##.##.# .#
#.....##.##.##.####


You could see an orc.

Vanquished Creatures
  An adder (D:2)
  A worm (D:2)
  An orc (D:2)
  3 endoplasms (D:1)
  A giant cockroach (D:1)
  3 hobgoblins (D:1)
  6 jackals (D:1)
  A quokka (D:1)
  4 bats
  A frilled lizard (D:1)
  3 goblins (D:1)
  3 kobolds (D:1)
  4 rats (D:1)
32 creatures vanquished.

Notes
Turn   | Place    | Note
-------+----------+-------------------------------------------
     0 | D:1      | omnomnOMINOUS the Octopode Wanderer began the quest for the
                  | Orb.
     0 | D:1      | omnomnOMINOUS set off with the following items: a +0
                  | dagger, a scroll of fear, a wand of polymorph (4), a potion
                  | of curing, a potion of brilliance; and the following spell
                  | memorised: Kiss of Death; and the following spells
                  | available to memorise: Vampiric Draining.
     0 | D:1      | Reached XP level 1. HP: 13/13 MP: 2/2
   161 | D:1      | Reached XP level 2. HP: 18/18 MP: 3/3
   423 | D:1      | Reached skill level 1 in Conjurations
   439 | D:1      | Reached XP level 3. HP: 18/23 MP: 5/5
   507 | D:1      | Learned a level 3 spell: Mephitic Cloud
   766 | D:1      | Found Luri's Weapon Emporium.
  1078 | D:2      | Slain by an orc wizard

Illustrated notes

Levels and vault maps discovered:
D:1:      saegor_arrival_fortress, layout_loops_corners, serial_shops, shop
D:2:      layout_loops_corners

Skill      XL: |  1  2 |
---------------+-------+-----
Conjurations   | 1 |  1.2
Fighting       | |  1.8
Dodging        | |  1.8
Unarmed Combat | |  3.0
Spellcasting   | |  1.6
Necromancy     | |  1.0
Air Magic      | |  0.4
Evocations     | |  3.2

Action                     || total
---------------------------++-------
  Melee: Dagger            ||    80
         Constrict         ||    18
         Tentacles         ||    14
         Punch             ||     1
   Stab: Sleeping          ||     4
 Armour: Skin              ||    36
  Dodge: Dodged            ||    47

Table legend: (Time is in decaauts)
 A = Elapsed time spent in this place.
 B = Non-inter-level travel time spent in this place.
 C = Inter-level travel time spent in this place.
 D = Time resting spent in this place.
 E = Time spent auto-exploring this place.
 F = Levels seen in this place.
 G = Mean time per level.
                   A        B        C        D        E       F      G
               +--------+--------+--------+--------+--------+-----+--------+
         Total |   1077 |   1060 |     17 |     12 |    813 |   2 |  538.5 |
       Dungeon |   1077 |   1060 |     17 |     12 |    813 |   2 |  538.5 |
               +--------+--------+--------+--------+--------+-----+--------+

Top non-repeatable levels by time:
     D:1: 987 daAuts
     D:2: 89 daAuts
